AoeStats
← Simon Stokvis

Nomad

509406282Analyzed
4v4 RM · 5d ago on Sep 26, 2026· 47m 31s· 8 players
Game mode
Random Map
Map size
231×231
Population
200
Speed
Normal
Resources
Standard
Victory
Conquest
Starting age
Dark Age
Ending age
Imperial Age
RankedLock teamsTeams togetherTeam positionsShared explorationLock speedFull tech treeHidden civsTurbo modeCheats
Victory
Defeat
🇹🇷 Mongols · Türkiye
1790
+10
🇹🇷 Vikings · Türkiye
1701
+13
🇹🇷 Varangians · Türkiye
1656
+15
🇹🇷 Persians · Türkiye
1551
+20
🇪🇸 Varangians · Spain
1686
-16
🇹🇼 Spanish · Taiwan
1645
-15
🇪🇸 Mongols · Spain
1645
-15
🇳🇱 Malay · Netherlands
1577
-12
Josu Stark
5:37 Loom
13:23 Feudal Age
17:45 Castle Age
16:29 Double-Bit Axe
18:47 Town Watch
19:14 Bow Saw
19:14 Horse Collar
20:20 Fletching
28:07 Bodkin Arrow
39:34 Heavy Plow
41:27 Padded Archer Armor
43:22 Husbandry
44:41 Ballistics
44:48 Masonry
45:19 Wheelbarrow
45:41 Thumb Ring
45:54 Leather Archer Armor
45:52 Bloodlines
45:58 Stone Mining
46:00 Gold Mining
Simon Stokvis
2:56 Loom
12:57 Feudal Age
17:08 Castle Age
18:52 Fletching
20:15 Town Watch
26:13 Ballistics
27:16 Bodkin Arrow
33:03 Imperial Age
34:36 Chemistry
42:14 Crossbowman
46:29 Thumb Ring
包莖
5:10 Loom
13:08 Feudal Age
16:37 Castle Age
19:39 Double-Bit Axe
21:18 Bow Saw
23:32 Horse Collar
26:35 Padded Archer Armor
41:58 Fishing Lines
45:06 Fletching
48:10 Imperial Age
kingsvtro
5:13 Loom
14:44 Feudal Age
18:27 Castle Age
16:44 Double-Bit Axe
19:22 Bow Saw
18:56 Fishing Lines
21:16 Scale Barding Armor
21:24 Bloodlines
26:33 Wheelbarrow
26:33 Medium Warships
26:29 Fletching
29:55 Chain Barding Armor
36:26 Imperial Age
41:10 Plate Barding Armor
43:17 Forging
47:41 Iron Casting
FeelMySpike
4:58 Loom
13:29 Feudal Age
17:35 Castle Age
15:59 Fishing Lines
26:45 Wheelbarrow
30:46 Scale Barding Armor
32:58 Gillnets
33:05 Horse Collar
33:20 Double-Bit Axe
34:12 Chain Barding Armor
37:14 Forging
37:14 Heavy Plow
37:25 Bow Saw
37:25 Town Watch
39:44 Hand Cart
42:53 Imperial Age
42:48 Iron Casting
43:37 Gold Mining
43:37 Stone Mining
44:42 Plate Barding Armor
45:13 Conscription
44:58 Elite Jarl
45:58 Bloodlines
45:48 Husbandry
alican43
5:32 Loom
5:43 Loom
16:00 Feudal Age
16:27 Double-Bit Axe
18:32 Fletching
24:40 Wheelbarrow
27:22 Horse Collar
30:08 Castle Age
30:43 Forging
30:55 Bow Saw
31:52 Medium Warships
32:38 Iron Casting
34:46 Clinker Construction
42:33 Wheelbarrow
41:55 Fishing Lines
47:08 Imperial Age
46:28 Scale Barding Armor
47:34 Bloodlines
47:25 Husbandry
Patoshiq
9:44 Loom
9:54 Loom
11:50 Feudal Age
15:50 Castle Age
15:06 Double-Bit Axe
17:08 Bow Saw
16:43 Fishing Lines
22:20 Fletching
25:59 Ballistics
26:54 Padded Archer Armor
26:56 Bodkin Arrow
32:28 Horse Collar
33:56 Gillnets
37:18 Padded Archer Armor
38:36 Wheelbarrow
44:38 Imperial Age
43:01 Gold Mining
44:56 Leather Archer Armor
44:49 Husbandry
44:59 Bloodlines
45:22 Bracer
46:44 Chemistry
46:24 Thumb Ring
Raptiye Rap Rap
7:28 Loom
12:32 Feudal Age
18:11 Fletching
22:51 Castle Age
22:55 Double-Bit Axe
22:54 Crossbowman
23:40 Bodkin Arrow
34:30 Stone Mining
43:08 Imperial Age
41:56 Padded Archer Armor
42:29 Ballistics
43:22 Bow Saw
42:58 Town Watch
44:04 Bracer
44:15 Arbalester
45:42 Leather Archer Armor
47:25 Two-Man Saw
47:18 Ring Archer Armor
46:44 Gold Mining
46:59 Horse Collar
Connection lost

Rejoining the realm…

Still unreachable

The connection could not be restored.

Session expired

The server has moved on; the page needs a fresh start.